Cogmind - Beta 13 @@@ ROGUE MODE // 2024.07.13 @ 03:40:21 Player: Annull999 Result: Destroyed by G-50 Soldier with Heavy Laser Performance ------------- Evolutions (2) 1000 Regions Visited (6) 1200 Robots Destroyed (63) 315 Value Destroyed (2600) 2600 Prototype IDs (0) 0 Alien Tech Used (0) 0 Bonus (1728) 1728 TOTAL SCORE: 6843 Bonus ------- High Alert Combat Kills 269 Follower Combat Kills 259 Entered Garrisons 200 Used RIF Installer 1000 Cogmind --------- Core Integrity 0/550 Matter 290/300 Energy 113/140 System Corruption 0% Temperature Cool (9) Movement Walking (190) Ox1 Location -8/Materials Parts ------- > --- POWER (1) -------- Light Deuterium Engine > --- PROPULSION (2) --- Aluminum Leg Carbon-fiber Leg > --- UTILITY (5) ------ High-capacity Storage Unit Advanced Weight Redist. System Targeting Computer Targeting Computer ECM Suite > --- WEAPON (3) ------- Gatling Laser Gatling Laser Grenade Launcher > --- INVENTORY (20) --- Improved Ion Engine Light Nuclear Core Light Nuclear Core Aluminum Leg Aluminum Leg Improved Hover Unit Compact Matter Pod (150) Trap Scanner Improved Signal Interpreter Hardlight Generator Relay Coupler [Swarmer] (29) Relay Coupler [Brawler] (27) Relay Coupler [Sentry] (17) Relay Coupler [Demolisher] (17) Relay Coupler [Hunter] (12) Trap Extractor (0/4) Heavy Particle Cannon Heavy Particle Cannon Peak State ------------ > --- POWER ------------ Light Deuterium Engine > --- PROPULSION ------- Aluminum Leg Carbon-fiber Leg > --- UTILITY ---------- Improved Heat Sink High-capacity Storage Unit Advanced Weight Redist. System Targeting Computer Targeting Computer > --- WEAPON ----------- Gatling Laser Gatling Laser Heavy Assault Rifle > --- INVENTORY -------- Improved Ion Engine Light Deuterium Engine Light Nuclear Core Aluminum Leg Aluminum Leg Improved Hover Unit Improved Heat Sink Compact Matter Pod ECM Suite Hardlight Generator Relay Coupler [Swarmer] Relay Coupler [Demolisher] Relay Coupler [Hunter] Trap Extractor Gatling Laser Gatling Laser Heavy Particle Cannon Heavy Particle Cannon [Rating: 31] Favorites ----------- Power Light Deuterium Engine Engine Light Deuterium Engine Power Core Light Nuclear Core Propulsion Wheel Treads Light Treads Leg Aluminum Leg Wheel Wheel Hover Unit Improved Hover Unit Utility High-capacity Storage Unit Device Advanced Weight Redist. System Storage High-capacity Storage Unit Processor Targeting Computer Protection Makeshift Light Armor Plating Weapon Gatling Laser Energy Gun Gatling Laser Energy Cannon Subdweller Beam Cannon Ballistic Gun Light Assault Rifle Ballistic Cannon Battle Cannon Launcher Rocket Launcher Special Weapon Mining Laser Build | -11 -10 -10 -10 -8 -8 -8 ------- Run | Yrd Mat Min Sub Mat Gar Mat Slots Evolved 4 | . . . . 4 . . Power . | . . . . . . . Propulsion . | . . . . . . . Utility 3 | . . . . 3 . . Weapon 1 | . . . . 1 . . Parts Attached 79 | . 3 3 16 16 39 2 Power 7 | . . . 1 1 4 1 Engine 6 | . . . 1 1 3 1 Core 1 | . . . . . 1 . Reactor . | . . . . . . . Propulsion 22 | . 2 1 6 3 10 . Treads 6 | . . 1 2 . 3 . Leg 6 | . . . . 2 4 . Wheel 7 | . 2 . 4 1 . . Hover 3 | . . . . . 3 . Flight . | . . . . . . . Utility 22 | . 1 . 2 5 14 . Device 15 | . . . . 4 11 . Storage 1 | . 1 . . . . . Processor 3 | . . . 1 1 1 . Hackware . | . . . . . . . Protection 3 | . . . 1 . 2 . Artifact . | . . . . . . . Weapon 28 | . . 2 7 7 11 1 Energy Gun 6 | . . 2 . . 4 . Energy Cannon 5 | . . . 2 2 1 . Ballistic Gun 5 | . . . . . 5 . Ballistic Cannon 5 | . . . 3 2 . . Launcher 5 | . . . 1 3 . 1 Special Weapon 2 | . . . 1 . 1 . Impact Weapon . | . . . . . . . Slashing Weapon . | . . . . . . . Piercing Weapon . | . . . . . . . Special Melee Weapon . | . . . . . . . Unidentified Prototypes . | . . . . . . . Parts Lost 31 | . . 2 4 5 20 . Power 4 | . . . 1 . 3 . Propulsion 11 | . . 1 2 3 5 . Utility 6 | . . . . . 6 . Weapon 10 | . . 1 1 2 6 . Highest Loss Streak 5 | . . 2 1 3 5 . To Critical Strikes 1 | . . . . . 1 . Average Slot Usage (%) 96 | . 99 99 99 95 94 100 Engine 9 | . 14 14 13 9 7 9 Treads 3 | . . 4 3 . 4 . Leg 6 | . 1 . . 11 8 18 Wheel 8 | . 26 23 24 6 . . Hover 2 | . . . . . 5 . Device 13 | . . . . 17 20 18 Storage 12 | . 27 28 14 9 9 9 Processor 11 | . . . 12 9 12 18 Protection 1 | . . . 1 9 . . Energy Gun 10 | . 28 27 2 . 10 18 Energy Cannon 4 | . . . 8 12 2 9 Ballistic Gun 4 | . . . . . 10 . Ballistic Cannon 3 | . . . 12 8 . . Special Weapon 1 | . . . 3 . . . Naked Turns . | . . . . . . . Heaviest Build 75 | 11 51 52 58 75 64 61 Greatest Support 49 | 20 20 23 40 20 49 34 Greatest Overweight (x) 7 | . 2 2 5 7 4 1 Average Overweight (x) 1 | . 1 2 1 5 1 1 Largest Inventory Capacity 20 | 8 20 20 20 20 20 20 Average Capacity 19 | 8 19 20 20 20 20 20 Most Carried 20 | 6 12 16 20 18 18 18 Average Carried 16 | 6 8 14 17 15 16 17 Final Capacity 20 | 8 20 20 20 20 20 20 Final Carried 18 | 6 12 15 18 18 17 18 Class Distribution -------------------- 39% | Mutant 32% | Gunner 14% | Scavenger-Gunner 6% | Derelict-Gunner 6% | Derelict-Mutant Dominant Class ---------------- Mutant | -10/Materials Mutant | -10/Mines Mutant | -10/Subcaves Derelict-Gunner | -8/Materials Gunner | -8/Garrison Gunner | -8/Materials Resources | -11 -10 -10 -10 -8 -8 -8 ----------- Run | Yrd Mat Min Sub Mat Gar Mat Matter Collected 1352 | 197 . 63 232 313 537 10 Remotely . | . . . . . . . Salvage Created 2174 | . . 313 473 214 1136 38 Parts 124 | . . 24 29 8 59 4 Haulers Intercepted . | . . . . . . . Recyclers Shooed . | . . . . . . . Parts Field Recycled . | . . . . . . . Retrieved Matter . | . . . . . . . Parts Self-Destructed 11 | . . . 11 . . . Prevented . | . . . . . . . Kills | -11 -10 -10 -10 -8 -8 -8 ------- Run | Yrd Mat Min Sub Mat Gar Mat Combat Hostiles Destroyed 59 | . . 10 13 6 30 . Guns 35 | . . 7 1 . 27 . Cannons 15 | . . . 7 5 3 . AOE 7 | . . 3 3 1 . . Classes Destroyed 10 | . . 3 1 1 3 2 Worker 1 | . . . . . . 1 Tunneler 1 | . . 1 . . . . Operator 1 | . . . . . . 1 Watcher 1 | . . . . . 1 . Swarmer 15 | . . 6 . . 9 . Grunt 26 | . . 4 2 5 15 . Sentry 5 | . . . . 1 4 . Hunter 1 | . . . . . 1 . Programmer 1 | . . . . . 1 . Subdweller 11 | . . . 11 . . . Best Kill Streak 8 | . . 4 8 3 7 1 Combat Bots Only 8 | . . 3 8 3 7 . Max Kills in Single Turn 3 | . . 2 3 1 2 1 Gunslinging 1 | . . . . . 1 . Exploded 3 | . . 2 3 1 . . Melee . | . . . . . . . Uniques/NPCs Destroyed . | . . . . . . . Combat | -11 -10 -10 -10 -8 -8 -8 -------- Run | Yrd Mat Min Sub Mat Gar Mat Hostile Shots Fired 333 | . . 34 36 46 211 6 Missed 88 | . . 9 11 5 62 1 Damage Taken 3662 | . . 248 663 601 2070 80 Core 798 | . . 47 186 105 400 60 Absorbed by Shields 224 | . . . . 68 156 . Core Remaining (%) 53 | 100 . . 6 . . . Volleys Fired 150 | . . 20 28 21 80 1 Largest 3 | . . 2 2 3 3 3 Hottest 235 | . . 80 119 199 235 235 Shots Fired 292 | . . 39 43 36 171 3 Gun 201 | . . 39 4 . 156 2 Cannon 75 | . . . 29 33 12 1 Launcher 5 | . . . 2 3 . . Special 11 | . . . 8 . 3 . Kinetic 150 | . . . 14 18 118 . Thermal 109 | . . 13 25 15 53 3 Explosive 5 | . . . 2 3 . . Electromagnetic 28 | . . 26 2 . . . Robot Hit Streak 25 | . . 6 16 10 25 9 Robot Miss Streak 4 | . . 3 1 4 4 1 Penetration Max . | . . . . . . . Secondary Targets 6 | . . 2 . . 4 . Max Gunslinging Chain 1 | . . 1 . . 1 . Shots Hit Robots 187 | . . 22 26 21 116 2 Core Hits 120 | . . 15 16 11 74 4 Critical Kills 2 | . . . 2 . . . Critical Parts Destroyed 1 | . . . . . 1 . Critical Strikes 8 | . . . 3 2 3 . Meltdown 2 | . . . 2 . . . Destroy 2 | . . . . . 2 . Blast 4 | . . . 1 2 1 . Melee Attacks . | . . . . . . . Impact . | . . . . . . . Slashing . | . . . . . . . Piercing . | . . . . . . . Sneak Attacks . | . . . . . . . Combat Hostiles . | . . . . . . . Follow-up Attacks . | . . . . . . . Damage Inflicted 3677 | . . 367 984 649 1615 62 Guns 1769 | . . 267 34 . 1423 45 Cannons 1276 | . . . 590 494 192 . Explosions 615 | . . 100 360 155 . . Melee . | . . . . . . . Ramming 17 | . . . . . . 17 Kinetic 1283 | . . . 203 273 807 . Thermal 1639 | . . 166 399 221 808 45 Explosive 515 | . . . 360 155 . . Electromagnetic 223 | . . 201 22 . . . Impact . | . . . . . . . Slashing . | . . . . . . . Piercing . | . . . . . . . Highest Corruption . | . . . . . . . Average Corruption . | . . . . . . . Corruption Purged . | . . . . . . . Corruption Blocked . | . . . . . . . Overload Shots . | . . . . . . . Overflow Damage 102 | . . . . . 102 . Projectiles . | . . . . . . . Explosions 102 | . . . . . 102 . Melee . | . . . . . . . Knockbacks 5 | . . . 1 3 1 . Impact . | . . . . . . . Kinetic 5 | . . . 1 3 1 . Secondary . | . . . . . . . Self-Inflicted Damage 179 | . . . 13 26 140 . Shots 4 | . . . 1 2 1 . Rammed . | . . . . . . . Targets Rammed 1 | . . . . . . 1 Kicked 1 | . . . . . . 1 Crushed . | . . . . . . . Highest Temperature 428 | . . 108 20 428 265 159 Average Temperature 99 | . . 41 7 200 66 85 Received Heat Transfer 1384 | . . 51 102 370 843 18 Effects 5 | . . . . 5 . . Shutdowns 1 | . . . . 1 . . Interference 3 | . . . . 3 . . Matter Decay 1 | . . . . 1 . . Siege Activations . | . . . . . . . Robots Corrupted . | . . . . . . . Combat Hostiles . | . . . . . . . Parts Fried . | . . . . . . . Impact Corruptions . | . . . . . . . Robots Melted 2 | . . . 2 . . . Combat Hostiles 2 | . . . 2 . . . Parts Melted 10 | . . 2 3 . 5 . Heat Transferred 2963 | . . 250 543 296 1774 100 Parts Sabotaged . | . . . . . . . Parts Stolen . | . . . . . . . Parts Stripped . | . . . . . . . Power Chain Reactions 2 | . . 2 . . . . Alert | -11 -10 -10 -10 -8 -8 -8 ------- Run | Yrd Mat Min Sub Mat Gar Mat Peak Influence 1702 | . 41 230 . 174 1702 1175 Initial 829 | . . 15 . . 9 829 Average 548 | . 25 120 . 58 705 1013 Maximum Alert Level 5 | . . 1 . . 5 4 Low Security (%) 41 | 100 100 98 . 100 19 . Level 1 11 | . . 1 . . 18 . Level 2 10 | . . . . . 17 . Level 3 18 | . . . . . 19 70 Level 4 15 | . . . . . 20 29 Level 5 2 | . . . . . 3 . High Security . | . . . . . . . Max Security . | . . . . . . . Squads Dispatched 3 | . . . . 1 . 2 Investigation 2 | . . . . 1 . 1 Extermination . | . . . . . . . Reinforcement . | . . . . . . . Assault 1 | . . . . . . 1 Garrison . | . . . . . . . Intercept . | . . . . . . . Searches Triggered . | . . . . . . . Construction Impeded . | . . . . . . . Haulers Reinforced . | . . . . . . . Active Scanning Responses . | . . . . . . . Cargo Convoy Interrupts . | . . . . . . . Stealth | -11 -10 -10 -10 -8 -8 -8 --------- Run | Yrd Mat Min Sub Mat Gar Mat Distress Signals 4 | . . . . . 4 . Communications Jammed . | . . . . . . . Distress Signals . | . . . . . . . Times Spotted 102 | . 3 10 17 11 47 14 Peak Tracking Total 7 | . 2 3 7 3 4 5 Tactical Retreats 14 | . . 1 1 . 12 . Traps | -11 -10 -10 -10 -8 -8 -8 ------- Run | Yrd Mat Min Sub Mat Gar Mat Traps Triggered 8 | . . . 1 . 7 . Indirectly . | . . . . . . . Trap Hack Attempts . | . . . . . . . Triggered . | . . . . . . . Disarmed . | . . . . . . . Reprogrammed . | . . . . . . . Reused . | . . . . . . . Traps Extracted . | . . . . . . . Installed . | . . . . . . . Triggered . | . . . . . . . Machines | -11 -10 -10 -10 -8 -8 -8 ---------- Run | Yrd Mat Min Sub Mat Gar Mat Machines Disabled 6 | . . . . 2 3 1 Max in Single Turn 2 | . . . . 1 2 . Garrison Relay 1 | . . . . . 1 . Phase Generator 1 | . . . . . 1 . Machines Repaired . | . . . . . . . Machines Dismantled . | . . . . . . . Machines Sabotaged . | . . . . . . . Overloaded Fab Kills . | . . . . . . . Hacking | -11 -10 -10 -10 -8 -8 -8 --------- Run | Yrd Mat Min Sub Mat Gar Mat Machines Accessed 13 | . 4 . . 4 3 2 Terminals 11 | . 3 . . 3 3 2 Fabricators . | . . . . . . . Repair Stations . | . . . . . . . Recycling Units 1 | . 1 . . . . . Scanalyzers . | . . . . . . . Garrison Access 1 | . . . . 1 . . Total Hacks 39 | . 13 . . 13 6 7 Successful 19 | . 8 . . 7 3 1 Failed 20 | . 5 . . 6 3 6 Catastrophic 5 | . 2 . . . . 3 Database Lockouts . | . . . . . . . Manual 24 | . 11 . . 6 1 6 Terminals 36 | . 11 . . 12 6 7 Fabricators . | . . . . . . . Repair Stations . | . . . . . . . Recycling Units 2 | . 2 . . . . . Scanalyzers . | . . . . . . . Garrison Access 1 | . . . . 1 . . Terminal Hacks 10 | . 2 . . 4 3 1 Open Door 1 | . . . . . 1 . Branch Access Points 1 | . 1 . . . . . Emergency Access Points 1 | . . . . . 1 . Terminal Index 1 | . 1 . . . . . Alert Level 1 | . . . . . . 1 Unreport Threat 1 | . . . . 1 . . Locate Traps 2 | . . . . 2 . . Zone Layout 1 | . . . . 1 . . Security Stations 1 | . . . . . 1 . Fabricator Hacks . | . . . . . . . Repair Station Hacks . | . . . . . . . Recycling Unit Hacks 1 | . 1 . . . . . Retrieve Components 1 | . 1 . . . . . Scanalyzer . | . . . . . . . Garrison Access Hacks 1 | . . . . 1 . . Unlock Access 1 | . . . . 1 . . Unauthorized Hacks 7 | . 5 . . 2 . . Terminals 6 | . 4 . . 2 . . Track 2 | . 2 . . . . . Botnet 4 | . 2 . . 2 . . Fabricators . | . . . . . . . Repair Stations . | . . . . . . . Recycling Units 1 | . 1 . . . . . Reject 1 | . 1 . . . . . Scanalyzers . | . . . . . . . Garrison Access . | . . . . . . . Data Cores Recovered 1 | . . . . . . 1 Used 1 | . . . . . . 1 Hacking Detections 10 | . 3 . . 3 2 2 Full Trace Events 3 | . . . . 1 . 2 Feedback Events . | . . . . . . . Feedback Blocked . | . . . . . . . Robot Schematics Acquired . | . . . . . . . Robots Built . | . . . . . . . Authchips . | . . . . . . . Time . | . . . . . . . Total Robot Build Rating . | . . . . . . . Part Schematics Acquired . | . . . . . . . Parts Built . | . . . . . . . Authchips . | . . . . . . . Time . | . . . . . . . Total Part Build Rating . | . . . . . . . Parts Repaired . | . . . . . . . Time . | . . . . . . . Parts Recycled . | . . . . . . . Recycled Matter . | . . . . . . . Retrieved Matter . | . . . . . . . Retrieved Components 3 | . 3 . . . . . Parts Scanalyzed . | . . . . . . . Part Schematics Acquired . | . . . . . . . Parts Damaged . | . . . . . . . Bothacking | -11 -10 -10 -10 -8 -8 -8 ------------ Run | Yrd Mat Min Sub Mat Gar Mat Used RIF Installer 2 | . . . . . 2 . Hotswap 1 | . . . . . 1 . Robots Hacked . | . . . . . . . Non-combat . | . . . . . . . Combat . | . . . . . . . Robot Hacks Applied . | . . . . . . . Relay Couplers Released 8 | . . . . . 8 . Machine Destruction 5 | . . . . . 5 . Programmers 3 | . . . . . 3 . Fabnet Peak Effective % . | . . . . . . . Robots Rewired 5 | . . . . . 5 . Allies Hacked . | . . . . . . . Hacks Repelled . | . . . . . . . Allies | -11 -10 -10 -10 -8 -8 -8 -------- Run | Yrd Mat Min Sub Mat Gar Mat Total Allies 5 | . . . . . 5 . Largest Group 3 | . . . . . 3 2 Highest-Rated Group 72 | . . . . . 72 48 Highest-Rated Ally 39 | . . . . . 39 24 Total Orders 2 | . . . . . 2 . GUARD 2 | . . . . . 2 . Ally Attacks 71 | . . . . . 49 22 Total Damage 973 | . . . . . 541 432 Kills 17 | . . . . . 6 11 Allies Corrupted . | . . . . . . . Allies Melted 1 | . . . 1 . . . Intel | -11 -10 -10 -10 -8 -8 -8 ------- Run | Yrd Mat Min Sub Mat Gar Mat Robot Analysis Total . | . . . . . . . Derelict Logs Recovered 4 | . . 2 2 . . . Drone Launches . | . . . . . . . Drone Recoveries . | . . . . . . . Exploration | -11 -10 -10 -10 -8 -8 -8 ------------- Run | Yrd Mat Min Sub Mat Gar Mat Turns Passed 6124 | 20 201 611 1226 637 2941 488 Spaces Moved 3166 | 17 171 352 914 246 1216 250 Core . | . . . . . . . Treads 337 | . . 64 46 . 227 . Legs 929 | 17 12 . . 69 581 250 Wheels 1492 | . 159 288 868 177 . . Hover 408 | . . . . . 408 . Flight . | . . . . . . . Fastest Speed 107 | 120 110 110 107 125 176 190 Average Speed 168 | 120 110 148 116 215 209 190 Slowest Speed 330 | 120 120 320 320 330 330 190 Overloaded Moves . | . . . . . . . Propulsion Burnouts . | . . . . . . . Robots Hopped . | . . . . . . . Cave-ins Triggered . | . . . . . . . Exploration Rate (%) 43 | 2 25 92 43 16 91 34 Regions Visited 6 Branch Regions 2 Pre-discovered Areas 2 | . . . 2 . . . Known Exits Taken 2 | . 1 . . 1 . . Unknown Exits Taken 3 | 1 . 1 1 . . . Scrap Searched 6 | . . 1 5 . . . Spaces Dug . | . . . . . . . Terrain Destroyed 141 | . . 5 23 36 76 1 Melee . | . . . . . . . Projectile 10 | . . . 1 8 . 1 AOE 131 | . . 5 22 28 76 . Terrain Rammed . | . . . . . . . Walls Destroyed . | . . . . . . . Machines Disabled . | . . . . . . . Actions | -11 -10 -10 -10 -8 -8 -8 --------- Run | Yrd Mat Min Sub Mat Gar Mat Total 3667 | 16 181 404 1015 320 1472 259 Wait 148 | . 1 25 40 24 56 2 Move 3159 | 16 170 351 913 245 1214 250 Hop . | . . . . . . . Pick Up 64 | . 7 5 13 11 26 2 Fast Attach . | . . . . . . . Attach 37 | . 1 2 4 8 22 . Detach . | . . . . . . . Swap 42 | . 2 1 12 8 17 2 Drop 15 | . . . 5 3 6 1 Fire 150 | . . 20 28 21 80 1 Melee . | . . . . . . . Ram . | . . . . . . . Kick 1 | . . . . . . 1 Crush . | . . . . . . . Escape Stasis 29 | . . . . . 29 . Rewire 22 | . . . . . 22 . Trap . | . . . . . . . Miscellaneous . | . . . . . . . Route ------- -11/Scrapyard -10/Materials (discovered 2 exits: *Min x2) -10/Mines (discovered 3 exits: [*Mat x2] / [*Sub]) -10/Subcaves (discovered 2 exits: *Mat x2) -8/Materials (discovered 3 exits: Fac x2 / Gar) -8/Garrison (discovered 4 exits: *Mat x4) -8/Materials History --------- Turn | Location | Event 1 | -11/Scrapyard | Discovered new exit (range 3) 21 | -11/Scrapyard | Entered Materials 65 | -10/Materials | Identified exit to Mines 222 | -10/Materials | Entered Mines 254 | -10/Mines | Learned 8 Materials zone layouts 262 | -10/Mines | Received a Rocket Launcher from a helpful Derelict 307 | -10/Mines | Build established: Mutant 363 | -10/Mines | Discovered new exit (range 14) 597 | -10/Mines | Learned Materials stockpile data 651 | -10/Mines | Discovered new exit (range 10) 817 | -10/Mines | Discovered new exit (range 6) 833 | -10/Mines | Entered Subcaves 989 | -10/Subcaves | Ambushed by swarm of Subdwellers 1014 | -10/Subcaves | Core integrity fell below 50% 1035 | -10/Subcaves | Destroyed 8 combat bots 1082 | -10/Subcaves | Learned location of Zion (-6) 1291 | -10/Subcaves | Shifting Twisted Machinery released Battle Cannon 1329 | -10/Subcaves | Core integrity fell below 20% 1473 | -10/Subcaves | A swath of the cavern ceiling suddenly collapsed 1776 | -10/Subcaves | A swath of the cavern ceiling suddenly collapsed 1962 | -10/Subcaves | Disturbed a concealed Subdweller 2037 | -10/Subcaves | Shifting Twisted Machinery released Flamer 2039 | -10/Subcaves | Shifting Twisted Machinery released Spk. Treads 2049 | -10/Subcaves | Discovered new exit (range 11) 2054 | -10/Subcaves | Discovered new exit (range 5) 2059 | -10/Subcaves | Entered Materials 2059 | -8/Materials | Evolved 4 slots: Utility x3, Weapon x1 2060 | -8/Materials | Identified exit to Factory 2343 | -8/Materials | Build established: Derelict-Gunner 2479 | -8/Materials | Lost 3 parts (1n2w) 2693 | -8/Materials | Identified exit to Garrison 2696 | -8/Materials | Entered Garrison 2766 | -8/Garrison | Triggered checkpoint 2870 | -8/Garrison | Triggered checkpoint 2962 | -8/Garrison | Lost 5 parts (1p2u2w) 3046 | -8/Garrison | Discovered new exit (range 6) 3216 | -8/Garrison | Triggered checkpoint 3216 | -8/Garrison | Build established: Mutant 3297 | -8/Garrison | Destroyed 7 combat bots 3380 | -8/Garrison | Triggered checkpoint 3403 | -8/Garrison | Core integrity fell below 50% 3432 | -8/Garrison | Lost 3 parts (2n1w) 3492 | -8/Garrison | Learned Materials security intel 3543 | -8/Garrison | Build established: Gunner 3561 | -8/Garrison | Discovered new exit (range 13) 3792 | -8/Garrison | Triggered checkpoint 3918 | -8/Garrison | Triggered checkpoint 4098 | -8/Garrison | Discovered new exit (range 9) 4152 | -8/Garrison | Triggered checkpoint 4328 | -8/Garrison | Triggered checkpoint 4478 | -8/Garrison | Discovered new exit (range 9) 4596 | -8/Garrison | Triggered checkpoint 4601 | -8/Garrison | Core integrity fell below 20% 4627 | -8/Garrison | Build established: Scavenger-Gunner 4644 | -8/Garrison | Garrison Relay disabled 4915 | -8/Garrison | Phase Generator disabled 4946 | -8/Garrison | Lost 3 parts (1u2w) 5284 | -8/Garrison | Build established: Gunner 5523 | -8/Garrison | Installed Relay Interface Framework 5592 | -8/Garrison | Expanded RIF knowledge: Hotswap 5637 | -8/Garrison | Entered Materials 5637 | -8/Materials | Accompanied by 2 allies 6037 | -8/Materials | First assault squad dispatched 6125 | -8/Materials | Destroyed by G-50 Soldier with Heavy Laser Last Messages --------------- 05915_ R-06 Scavenger collects Assault Rifle. 05921_ K-01 Serf collects debris. 05928_ W-25 Informer destroyed. 05929_ K-01 Serf collects debris. 05944_ K-01 Serf cleans the Atomic Centrifuge. 05946_ Acquired Grenade Launcher. 05947_ K-01 Serf cleans the Atomic Centrifuge. 05996_ Y-45 Defender destroyed. 06002_ K-01 Serf collects debris. 06006_ Connecting with Terminal... >>Alert(Check) Current Alert Level: 4-D 06009_ K-01 Serf collects debris. 06014_ Kicked K-01 Serf. 06014_ K-01 Serf destroyed. 06037_ ALERT: Significant disruption in Zone 7F, assault force dispatched. [Achievement: Significant Disruption] 06116_ G-50 Soldier unfolds itself. 06122_ Shotgunner 3c destroyed. 06124_ Connecting with Terminal... Map ----- +----------------------------------------------------+ | ???????????????????? #??????????????????? | | ???????????????????? ??????????????????? | | ???????????????????? ??????????????????? | | ?????#####?????????? ??????????????????? | | ?????# ?????????? ??????????????????? | | ?????# ?????????# ??????????????????? | | ?????# ????????? ??? ??????????????? | | ?????? ?????????# #??? ??########????? | | ?????? ?????????# #??? ??# #????? | | ####### #????????# #??? ??# #????? | | ! #????????# #??? ??# !!! #????? | | #????????# #??? ??# !!! #????? | | ? ]] #????????# #??? ??# !!! #????? | | """ ]] ##########+#??# #??? !?????? | | """ ]! ## #??# #????#+#??????? | | """ ## #??# #????# #??????? | | # #??# #????# #??????? | | # #??# #????# ######## | | """ + """ """ #??# #????# ## # | | """ # """ """ #??#!#???## ## """ # | | """ # """ """"####=##### # """ # | | === # "%/ gi[ %!* + """ # | | == ##############g##### # """ # | | """ == #??????????#[ ### ## """ # | | """ #??????????# [#?# ## # | | """ #??????????# @ #?# ######## | | #??????????# "T" #?# #??????? | | % #######????# """ !### ###????? | | """ #????# # #????? | | """ #????######## #????? | | """ #???????????# #????? | | * #???????????# #????? | | [!%= #???????????# #????? | | % ##### #???????????###+###????? | | +###### #???????????? ?????? | | %= # """ #??????????#! #????? | | " """ # """ #??????????# """ #????? | | " """ # """ #??????????# """ #????? | | " """ # #??????????# """ #????? | | # #??????????#! #????? | | # """ #??????????########????? | | # """ ! #??????????????????????? | | ####### """????? ??????????????????????? | | ?????????????????????????? | | #### ?????????????????????????? | | #???###??????????????????????????????? | | #????????????????????????????????????? | | #????????????????????????????????????? | | %#????????????????????????????????????? | | ##+#####????????????????????????????????? | +----------------------------------------------------+ Best States ------------- Heat Dissipation 45 Energy Generation 14 Energy Capacity 265 Matter Stores 300 Matter Capacity 300 Sight Range 21 Terrain Scan Density 10 ECM Strength 1 Additional Mass Support 9 Armor Coverage 150 Evasion (%) 55 Targeting Accuracy 10 Recoil Reduction 2 Item Schematics ----------------- None Robot Schematics ------------------ None Fabricated ------------ Nothing Alien Tech Used ----------------- None Achievements -------------- Dynamic Key Everything Is Under Control Significant Disruption Challenges ------------ None Game ------ Seed ImprinterImprinterHammer Manual? 0 Play Time 01:26:25 Cumulative 7.9 hours Start 2024.07.12 @ 22:54:18 End 2024.07.13 @ 03:40:21 Sessions 7 Manual Loads 0 Difficulty Rogue Special Mode None Game No. 13 Rogue 13 Adventurer 0 Explorer 0 Win Type - Total 0 Types 0/0/0/0/0/0/0/0/0 Lore% 5 Gallery% 11 Achievement% 11 Wizard Run 0 Options --------- Layout 0 ASCII 1 Keyboard 0 Movement Numpad Keybinds 0 Fullscreen 2 Font 18/TerminusBold Map View 38x25 Zoom Use 46% Tactical HUD 1 Map Filters NONE Filters NONE Steam 1 RUN: 49985ccc-d76a-4278-8827-a0fa7c1c3101